 Dungeon Sprint DCSS version 0.19.0-2-gae57169 (webtiles) character file.

369 LORDOFBUTT the Cleaver (level 6, -6/60 HPs)
             Began as a Minotaur Berserker on Nov 2, 2016.
             Was a Believer of Trog.
             Mangled by a neqoxec (12 damage)
             ... in the Dungeon (Sprint II: "The Violet Keep of Menkaure").
             The game lasted 00:00:28 (30 turns).

LORDOFBUTT the Cleaver (Minotaur Berserker)           Turns: 30, Time: 00:00:28

Health: -6/60      AC:  2    Str: 22    XL:     6   Next: 41%
Magic:  4/4        EV: 14    Int:  2    God:    Trog [**....]
Gold:   0          SH:  0    Dex: 11    Spells: 0 memorised, 5 levels left

rFire  . . .     SeeInvis .     a - +0 hand axe
rCold  . . .     Gourm    .     b - +0 animal skin
rNeg   . . .     Faith    .     (no shield)
rPois  .         Spirit   .     (helmet restricted)
rElec  .         Reflect  .     (no cloak)
rCorr  .         Harm     .     (no gloves)
MR     .....     Rnd*Rage +     (no boots)
Stlth  +......... NoTele   +    (no amulet)
                                (no ring)
                                (no ring)

@: exhausted, slowed, very slow
A: retaliatory headbutt, horns 2, berserk 1, dopey 1, frail 1, low mp 1,
screaming 1, MP-powered wands
a: Berserk, Trog's Hand, Burn Spellbooks, Renounce Religion


You were in the Dungeon.
You worshipped Trog.
Trog was pleased with you.
You were not hungry.

You visited 1 branch

Inventory:

Hand Weapons
 a - a +0 hand axe (weapon)
Armour
 b - a +0 animal skin (worn)
Scrolls
 i - a scroll of blinking
Potions
 d - a potion of curing
 e - a potion of heal wounds
 f - a potion of haste
 g - 2 potions of magic
 h - a potion of berserk rage
Comestibles
 c - a bread ration


   Skills:
 + Level 10.4 Fighting
 + Level 11.0 Axes
 + Level 5.8 Armour
 + Level 5.9 Dodging


You had 5 spell levels left.
You didn't know any spells.

Dungeon Overview and Level Annotations

Branches:
Dungeon (1/1)

Altars:

Shops:
D !


Innate Abilities, Weirdness & Mutations

You reflexively headbutt those who attack you in melee.
You have a pair of horns on your head.
You tend to lose your temper in combat.
You are dopey. (Int -2)
You are frail. (-10% HP)
Your magical capacity is low. (-10% MP)
You occasionally shout uncontrollably at your foes.
You expend magic power (3 MP) to strengthen your wands.


Message History

The neqoxec closely misses you.
Found Dexat's Distillery.
You slash the neqoxec!
The neqoxec is moderately wounded.
You hit the crimson imp but do no damage.
The crimson imp hits you.
* * * LOW HITPOINT WARNING * * *
The neqoxec gestures at you.
Strange energies course through your body.
You feel frail.
You closely miss the neqoxec. You headbutt the neqoxec.
The neqoxec is moderately wounded.
The crimson imp blinks!
The neqoxec gestures at you.
Strange energies course through your body.
You feel less energetic.
You closely miss the neqoxec. Your headbutt misses the neqoxec.
The neqoxec is moderately wounded.
The neqoxec hits you!
You die...

### ##@###+#
#3#.##.##
...∩'≈55##'.<.+
....#≈#..###.##
▓▓###≈##.# #+#
##### ##


You could see a neqoxec, a white imp and an ufetubus.

Vanquished Creatures
  3 neqoxecs (D)
3 creatures vanquished.

Vanquished Creatures (others)
  A crocodile (D)
1 creature vanquished.

Grand Total: 4 creatures vanquished

Notes
Turn   | Place    | Note
-------+----------+-------------------------------------------
     0 | D        | LORDOFBUTT the Minotaur Berserker began the quest for the Orb.
     0 | D        | Reached XP level 1. HP: 19/19 MP: 0/0
     1 | D        | Noticed a neqoxec
     3 | D        | Noticed a crimson imp
     8 | D        | Killed a neqoxec
     8 | D        | Reached skill level 8 in Axes
     8 | D        | Reached XP level 2. HP: 35/35 MP: 1/1
     8 | D        | Reached XP level 3. HP: 40/40 MP: 2/2
     8 | D        | Reached XP level 4. HP: 48/48 MP: 3/3
    11 | D        | Noticed a neqoxec
    11 | D        | Noticed a neqoxec
    13 | D        | Noticed a neqoxec
    16 | D        | Killed a neqoxec
    16 | D        | Reached ** piety under Trog
    16 | D        | Reached skill level 9 in Axes
    16 | D        | Reached skill level 5 in Armour
    16 | D        | Reached skill level 5 in Dodging
    16 | D        | Reached XP level 5. HP: 57/57 MP: 4/4
    16 | D        | Gained mutation: You are dopey. (Int -2) [a neqoxec]
    16 | D        | Gained mutation: You occasionally shout uncontrollably at your foes. [a neqoxec]
    17 | D        | Gained mutation: You expend magic power (3 MP) to strengthen your wands. [a neqoxec]
    19 | D        | Gained mutation: You tend to lose your temper in combat. [a neqoxec]
    19 | D        | Killed a crocodile
    25 | D        | Killed a neqoxec
    25 | D        | Reached skill level 10 in Fighting
    25 | D        | Reached skill level 11 in Axes
    25 | D        | Reached XP level 6. HP: 23/67 MP: 5/5
    26 | D        | Found Dexat's Distillery.
    27 | D        | Gained mutation: You are frail. (-10% HP) [a neqoxec]
    29 | D        | Gained mutation: Your magical capacity is low. (-10% MP) [a neqoxec]
    30 | D        | Mangled by a neqoxec

Skill      XL: |  1  2  3  4  5 |
---------------+----------------+-----
Fighting       | 7 9 10 | 10.4
Axes           | 8 9 11 | 11.0
Armour         | 4 5 |  5.8
Dodging        | 4 5 |  5.9

Action                   |  1- 3 |  4- 6 || total
-------------------------+-------+-------++-------
Melee: Hand axe          |     6 |    16 ||    22
       Headbutt          |     1 |     6 ||     7
Invok: Berserk           |     1 |       ||     1
Armor: Animal skin       |     1 |       ||     1
Dodge: Dodged            |     2 |     9 ||    11
